 Dungeon Crawl Stone Soup version 0.29.0-11-gd7f09526c8 (webtiles) character file.

Game seed: 205019165042969200

4356 blackman the Severer (level 10, -1/70 HPs)
             Began as a Demonspawn Fighter on Sept 5, 2022.
             Was an Initiate of Makhleb.
             Slain by Joseph
             ... wielding a +0 quarterstaff
              (13 damage)
             ... on level 7 of the Dungeon.
             The game lasted 00:13:10 (8345 turns).

blackman the Severer (Demonspawn Fighter)           Turns: 8345, Time: 00:13:11

Health: -1/70      AC: 12    Str: 21    XL:     10   Next: 12%
Magic:  10/10      EV:  7    Int: 11    God:    Makhleb [......]
Gold:   327        SH:  4    Dex: 13    Spells: 9/9 levels left

rFire   . . .      SeeInvis .   o - +0 broad axe
rCold   . . .      Faith    .   c - +0 buckler
rNeg    . . .      Spirit   .   F - +0 chain mail
rPois   .          Reflect  .   (helmet restricted)
rElec   .          Harm     .   (no cloak)
rCorr   .          Rampage  .   e - +2 pair of gloves
Will    .....                   (no boots)
Stlth   ..........              (no amulet)
HPRegen 0.21/turn               (no ring)
MPRegen 0.12/turn               (no ring)

@: mighty
A: antennae 1, demonic guardian 1, powered by pain 2, big brain 1
a: Renounce Religion


You were on level 7 of the Dungeon.
You worshipped Makhleb.
Makhleb was noncommittal.
You visited 1 branch of the dungeon, and saw 7 of its levels.

You collected 327 gold pieces.

Inventory:

Hand Weapons
 o - a +0 broad axe (weapon)
Missiles
 i - 6 boomerangs (quivered)
 m - 2 javelins
 u - a poisoned dart
 D - a throwing net
Armour
 c - a +0 buckler (worn)
 e - a +2 pair of gloves (worn)
 F - a +0 chain mail (worn)
Jewellery
 B - an amulet of the acrobat
Scrolls
 d - a scroll of acquirement {unknown}
 j - a scroll of summoning {unknown}
 p - a scroll of noise
 r - a scroll of fear {unknown}
 s - a scroll of torment {unknown}
 t - a scroll of identify {unknown}
 v - a scroll of enchant armour {unknown}
 x - 2 scrolls of vulnerability {unknown}
 y - a scroll of blinking {unknown}
 E - a scroll of teleportation
Potions
 f - 2 potions of brilliance
 g - a potion of haste {unknown}
 h - a potion of invisibility {unknown}
 k - 3 potions of curing
 l - 2 potions of heal wounds {unknown}
 n - 3 potions of mutation {unknown}
 w - 2 potions of experience
 z - 2 potions of lignification {unknown}
 A - a potion of degeneration {unknown}
 C - a potion of attraction {unknown}


   Skills:
 - Level 3.0 Fighting
 + Level 15.1 Axes
 - Level 2.6 Armour
 - Level 2.6 Shields


You had 9 spell levels left.
You didn't know any spells.
Your spell library contained the following spells:

 Spells                   Type           Power      Damage    Failure   Level
 Sandblast                Erth           0%         2d4       99%         1
 Sublimation of Blood     Necr           0%         N/A       100%        2
 Wereblood                Tmut           0%         N/A       100%        2
 Borgnjor's Vile Clutch   Necr/Erth      0%         N/A       100%        5
 Summon Forest            Summ/Tloc      0%         N/A       100%        5
 Summon Mana Viper        Hex/Summ       0%         N/A       100%        5
 Summon Cactus Giant      Summ           0%         N/A       100%        6
 Summon Hydra             Summ           0%         N/A       100%        7
 Shatter                  Erth           0%         3d5*      100%        9


Dungeon Overview and Level Annotations

Branches:
Dungeon (7/15)
 Temple: D:4-7

Altars:
Fedhas
Gozag
Makhleb
Ru
Trog
Yredelemnul

Annotations:
D:1 2 transporters
D:7 Joseph


Innate Abilities, Weirdness & Mutations

You have a pair of small antennae on your head.
A weak demonic guardian rushes to your aid.
You sometimes gain power by taking damage.
You have an unusually large brain. (Int +2)


Message History

The bullfrog croaks.
You hear a shout!
You see here an iguana corpse.
Joseph, a Mercenary comes into view.
He is wielding a +0 quarterstaff.
Joseph shouts!
The bullfrog hits you but does no damage.
The bullfrog closely misses you.
Joseph smiles happily.
You hit the bullfrog.
The bullfrog is lightly wounded.
You block the bullfrog's attack. The bullfrog barely misses you.
You slash the bullfrog!
The bullfrog is heavily wounded.
The bullfrog hits you but does no damage.
You slice the bullfrog!!
You kill the bullfrog!
Makhleb accepts your kill.
Joseph unwields a +0 quarterstaff.
Joseph wields a +0 sling.
Joseph shoots a sling bullet.
The sling bullet hits you!
You focus on the pain.
You feel very mighty all of a sudden.
Unknown command.
Joseph shoots a sling bullet.
The sling bullet hits you.
You see here a bullfrog corpse.
Joseph shoots a sling bullet.
You block the sling bullet.
Joseph unwields a +0 sling.
Joseph wields a +0 quarterstaff.
Joseph hits you with a +0 quarterstaff.
You closely miss Joseph. You block Joseph's attack.
You barely miss Joseph. Joseph hits you with a +0 quarterstaff.
You slash Joseph!
Joseph is lightly wounded.
Joseph hits you with a +0 quarterstaff!
* * * LOW HITPOINT WARNING * * *
It was a potion of experience.
You feel more experienced!
Your Axes skill gained 4 levels and is now at level 15!
You have reached level 10!
Joseph hits you with a +0 quarterstaff!
* * * LOW HITPOINT WARNING * * *
A demonic guardian appears!
You feel better. Joseph hits you with a +0 quarterstaff!
You die...

....... ....... #.... .......
#..... ....... #...... .....
#....# ...# #....####@..##
#####.......@....#
....[............#
...$......5......#
................#
.##............# ###
#..†###+#############.#
...##...###....###..##....###
..?......#......+....#....#..
.........#......#....#.......


You could see Joseph (ally target) and a friendly shadow imp (summoned).

Vanquished Creatures
  Pikel (D:6)
  A steam dragon (D:6)
  A water moccasin (D:7)
  A sky beast (D:5)
  A black bear (D:4)
  2 centaurs
  2 bullfrogs
  4 scorpions
  A jelly (D:4)
  3 orc priests (D:6)
  6 iguanas
  4 orc wizards
  9 gnolls
  5 adders
  2 white imps (D:6)
  An ufetubus (D:5)
  3 dart slugs
  4 worms (D:2)
  11 orcs
  7 endoplasms
  4 giant cockroaches
  9 goblins
  6 hobgoblins
  7 jackals
  5 quokkas
  4 ball pythons
  6 bats
  A frilled lizard (D:1)
  6 kobolds
  3 rats
120 creatures vanquished.

Vanquished Creatures (collateral kills)
  An ogre (D:6)
  A lemure (D:6)
  A scorpion (D:6)
  A hound (D:5)
  2 gnolls
  A worm (D:5)
  An orc (D:3)
  A bat (D:3)
  A rat (D:2)
10 creatures vanquished.

Vanquished Creatures (others)
  2 plants (D:1)
2 creatures vanquished.

Grand Total: 132 creatures vanquished

Notes
Turn   | Place    | Note
-------+----------+-------------------------------------------
     0 | D:1      | blackman the Demonspawn Fighter began the quest for the
                  | Orb.
     0 | D:1      | Reached XP level 1. HP: 18/18 MP: 1/1
    27 | D:1      | Reached skill level 2 in Axes
   291 | D:1      | Gained mutation: A weak demonic guardian rushes to your
                  | aid. [demonic ancestry]
   291 | D:1      | Reached XP level 2. HP: 17/24 MP: 2/2
   843 | D:2      | Reached skill level 3 in Axes
  1053 | D:2      | Gained mutation: You sometimes gain a little power by
                  | taking damage. [demonic ancestry]
  1053 | D:2      | Reached XP level 3. HP: 25/29 MP: 3/3
  1443 | D:3      | Reached skill level 4 in Axes
  1443 | D:3      | Reached XP level 4. HP: 35/35 MP: 4/4
  2511 | D:4      | Noticed a scorpion
  2516 | D:4      | Killed a scorpion
  2517 | D:4      | Reached skill level 5 in Axes
  2517 | D:4      | Gained mutation: You sometimes gain power by taking damage.
                  | [demonic ancestry]
  2517 | D:4      | Reached XP level 5. HP: 41/41 MP: 5/5
  2519 | D:4      | Noticed an orc warrior
  2860 | D:4      | Noticed a black bear
  2939 | D:4      | Killed a black bear
  2940 | D:4      | Reached skill level 6 in Axes
  2940 | D:4      | Reached XP level 6. HP: 40/47 MP: 6/6
  3027 | D:4      | Found a basalt altar of Yredelemnul.
  3027 | D:4      | Found a sacrificial altar of Ru.
  3975 | D:5      | Entered Level 5 of the Dungeon
  4060 | D:5      | Found a blossoming altar of Fedhas.
  4366 | D:5      | Reached skill level 7 in Axes
  4366 | D:5      | Gained mutation: You have a pair of small antennae on your
                  | head. [demonic ancestry]
  4366 | D:5      | Reached XP level 7. HP: 32/52 MP: 7/7
  5517 | D:5      | Reached skill level 8 in Axes
  6382 | D:6      | Gained mutation: You have an unusually large brain. (Int
                  | +2) [demonic ancestry]
  6382 | D:6      | Reached XP level 8. HP: 20/58 MP: 8/8
  6402 | D:6      | Reached skill level 9 in Axes
  6947 | D:6      | Found an opulent altar of Gozag.
  6967 | D:6      | Found a burning altar of Makhleb.
  7327 | D:6      | Noticed Pikel
  7337 | D:6      | Killed Pikel
  7338 | D:6      | Reached skill level 10 in Axes
  7429 | D:6      | Became a worshipper of Makhleb the Destroyer
  7698 | D:6      | Got the Volume of the Boulder
  7855 | D:6      | Found a bloodstained altar of Trog.
  7877 | D:6      | Reached XP level 9. HP: 63/63 MP: 9/9
  8183 | D:7      | Reached skill level 11 in Axes
  8334 | D:7      | Noticed Joseph
  8344 | D:7      | Reached skill level 15 in Axes
  8344 | D:7      | Reached XP level 10. HP: 14/70 MP: 10/10
  8345 | D:7      | Slain by Joseph

Illustrated notes

Levels and vault maps discovered:
D:1:      spicycebolla_arrival_transporter_tutorial, layout_rooms, st_stairs_2,
          minmay_misc_feat_tower, serial_bayou_crossing
D:2:      layout_basic
D:3:      layout_rooms
D:4:      layout_gridville, amethyst_overflow_temple_binary, hex_medium,
          glass_columns_a
D:5:      layout_gridville, nicolae_overflow_hidden_temple
D:6:      layout_loops_corners, grunt_gozag_breadcrumbs, lightli_temple_of_fire,
          trog_hazing_becter, uniq_pikel
D:7:      dreamdust_elfheim, layout_gridville, minmay_temple_entry_slanted,
          serial_shops, nicolae_shop_crystal, grunt_decor_cap, uniq_joseph

Skill      XL: |  1  2  3  4  5  6  7  8  9 |
---------------+----------------------------+-----
Axes           | 2 3 4 5 6 7 8 10 15 | 15.1
Fighting       | |  3.0
Armour         | |  2.6
Shields        | |  2.6

Action                   |  1- 3 |  4- 6 |  7- 9 | 10-12 || total
-------------------------+-------+-------+-------+-------++-------
Melee: War axe           |   100 |    99 |       |       ||   199
       Broad axe         |       |    30 |   208 |       ||   238
Throw: Dart              |       |    12 |     6 |       ||    18
       Javelin           |       |     2 |     2 |       ||     4
       Boomerang         |       |       |     6 |       ||     6
  Use: Potion            |       |     2 |     3 |     1 ||     6
       Scroll            |       |     2 |     1 |       ||     3
Armor: Scale mail        |    70 |    80 |    78 |       ||   228
       Chain mail        |       |       |    20 |       ||    20
Dodge: Dodged            |    44 |    89 |    77 |       ||   210
Block: Buckler           |    27 |    24 |    44 |       ||    95
